Map: Interloper LE

Players

DangerBoy

  • Race: Zerg Zerg
  • League: Platinum
  • Spawn Location: 11:00

Metasapien - Winner!

  • Race: Zerg Zerg
  • League: Gold
  • Spawn Location: 5:00

VOD

Have the link to the VOD?

Description

Time

  • Played on: Sept. 16, 2017, 7:05 p.m.
  • Length: 8:51
Show
View Real Time Build Order
Export as new Build Order

DangerBoy Zerg 

Build Orders: Pool First 

Get SALT Encoding   

  12  0:01  Drone  
  13  0:10  Drone  
  14  0:16  Overlord  
  14  0:35  Drone  
  14  0:36  Drone x2  
  17  0:47  Spawning Pool  
  17  0:50  Drone  
  17  0:53  Extractor  
  16  0:59  Drone  
  17  1:08  Drone  
  18  1:19  Drone  
  19  1:30  Drone  
  20  1:37  Queen  
  22  1:44  Overlord, Hatchery  
  21  1:54  Metabolic Boost  
  21  1:58  Zergling x2  
  22  2:03  Overlord  
  22  2:16  Roach Warren  
  22  2:21  Queen  
  22  3:01  Queen  
  22  3:05  Roach x3  
  30  3:06  Roach x3  
  36  3:23  Drone  
  36  3:24  Overlord  
  37  3:35  Zergling x6  
  37  3:36  Zergling x6  
  43  3:51  Lair  
  42  4:23  Roach  
  50  4:24  Roach x4  
  50  4:34  Overlord x3  
  50  4:44  Drone  
  50  4:45  Drone  
  52  4:49  Extractor  
  51  4:54  Drone  
  51  4:55  Drone x4  
  56  5:17  Roach x4  
  62  5:24  Roach x2  
  66  5:54  Roach  
  66  5:55  Overlord, Roach x3  
  66  5:56  Overlord x3  
  74  6:03  Overseer  
  74  6:38  Roach  
  74  6:39  Roach x2  
  80  6:43  Drone x2  
  80  6:44  Drone  
  54  7:23  Roach x7  
  66  7:33  Evolution Chamber  
  66  7:36  Drone x2, Evolution Chamber  
  66  8:09  Extractor  
  66  8:10  Extractor  
  64  8:23  Hydralisk Den  
Show
View Real Time Build Order
Export as new Build Order

Metasapien Zerg - Winner!

Build Orders: Pool First 

Get SALT Encoding   

  12  0:01  Drone  
  13  0:14  Overlord  
  13  0:18  Drone  
  13  0:20  Extractor  
  13  0:23  Extractor  
  13  0:27  Drone  
  13  0:30  Drone  
  16  0:37  Drone  
  17  0:53  Extractor, Spawning Pool  
  17  0:54  Drone  
  16  0:58  Drone  
  17  1:20  Hatchery  
  17  1:22  Drone  
  17  1:26  Drone  
  17  1:32  Drone  
  19  1:43  Queen, Zergling x2  
  22  1:57  Overlord  
  22  2:03  Overlord, Extractor  
  21  2:17  Drone  
  21  2:20  Metabolic Boost  
  22  2:29  Drone  
  23  2:31  Roach Warren  
  23  2:34  Drone  
  23  2:43  Zergling x2  
  23  2:48  Drone  
  24  3:00  Queen  
  24  3:03  Drone  
  24  3:04  Drone  
  24  3:05  Drone x3  
  31  3:16  Roach x3  
  37  3:28  Overlord  
  37  3:29  Overlord  
  37  3:30  Drone  
  38  3:38  Zergling x4  
  40  3:45  Drone x2  
  42  3:53  Drone  
  42  3:54  Drone  
  44  3:57  Lair  
  44  4:05  Drone  
  44  4:18  Roach x3  
  44  4:19  Roach x3  
  54  4:38  Extractor  
  54  4:39  Drone  
  54  4:40  Overlord, Drone x2, Extractor  
  54  4:41  Overlord x2  
  54  4:42  Drone  
  56  4:49  Ravager x2  
  56  4:50  Ravager  
  59  4:59  Glial Reconstitution  
  59  5:00  Hydralisk Den  
  58  5:10  Drone x3  
  58  5:12  Drone x2  
  63  5:14  Drone x3  
  63  5:21  Roach x3  
  72  5:43  Roach x3  
  72  5:44  Roach  
  80  5:56  Muscular Augments  
  80  5:58  Pneumatized Carapace  
  80  6:00  Roach, Hydralisk  
  80  6:02  Hatchery  
  80  6:03  Overlord  
  83  6:05  Overlord  
  83  6:31  Evolution Chamber  
  83  6:32  Drone x2  
  84  6:33  Drone x3, Evolution Chamber  
  84  6:36  Queen  
  88  6:41  Tunneling Claws  
  88  6:44  Roach x4  
  88  6:46  Overlord  
  62  7:26  Ravager x2  
  62  7:29  Hydralisk  
  61  7:30  Roach x3, Hydralisk x2  
  61  7:31  Roach x6  
  85  7:43  Hydralisk x2  
  85  7:44  Hydralisk x2  
  87  7:48  Drone  
  94  7:57  Queen  
  94  7:58  Overlord x3  
  96  8:10  Extractor  
  95  8:16  Drone  
  95  8:17  Drone x6  
Tags
 
Add a new tag
Caveats
  • Supply blocks, unpowered buildings, or Contaminate may cause inaccurate times.
  • Supply counts are checked every 10 seconds.